 Dungeon Sprint DCSS version 0.17-a0-1731-g129c023 (webtiles) character file.

20120 Kidiri the Severer (level 12, -15/115 HPs)
             Began as a Minotaur Gladiator on Aug 29, 2015.
             Was a High Priest of Okawaru.
             Killed from afar by a purple draconian (43 damage)
             ... with a bolt of dispelling energy
             ... in the Dungeon (Sprint VII: "The Pits").
             The game lasted 00:25:22 (3249 turns).

Kidiri the Severer (Minotaur Gladiator)             Turns: 3249, Time: 00:25:22

Health: -15/115    AC: 28    Str: 27    XL:     12   Next: 42%
Magic:  14/19      EV: 18    Int: 14    God:    Okawaru [*****.]
Gold:   55         SH:  0    Dex: 12    Spells: 0 memorised, 11 levels left

rFire  + + .     SeeInvis .     y - +2 war axe (freeze)
rCold  . . .     Clarity  .     a - +3 plate armour
rNeg   . . .     SustAt   .     (no shield)
rPois  .         Gourm    .     c - +0 hat
rElec  .         Spirit   .     s - +0 cloak
rCorr  .         Warding  .     (no gloves)
rMut   .         NoTele   +     B - +1 pair of boots of Koanodulav {*Corrode rF++ Int+6}
MR     .....                    (no amulet)
Stlth  ..........               u - +3 ring of intelligence
                                t - +3 ring of strength

@: heroism, finesse, not resistant to hostile enchantments, extremely unstealthy
A: retaliatory headbutt, horns 2
a: Heroism, Finesse, Renounce Religion


You were in the Dungeon.
You worshipped Okawaru.
Okawaru was extremely pleased with you.
You were not hungry.

You visited 1 branch You collected 55 gold pieces.

Inventory:

Hand weapons
 l - a +1 hand axe of chopping
 y - a +2 war axe of freezing (weapon)
 C - a +1 war axe of chopping
Missiles
 A - 4 javelins of returning (quivered)
Armour
 a - a +3 plate armour (worn)
 c - a +0 hat (worn)
 s - a +0 cloak (worn)
 B - the +1 pair of boots of Koanodulav (worn) {*Corrode rF++ Int+6}
   (Okawaru gifted it to you in the Dungeon)

   It affects your intelligence (+6).
   It greatly protects you from fire.
   It may corrode your equipment when you take damage.
Jewellery
 t - a +3 ring of strength (left hand)
 u - a +3 ring of intelligence (right hand)
 H - an uncursed ring of ice
 I - an uncursed ring of ice
Magical devices
 z - a wand of teleportation (4)
Scrolls
 g - 4 scrolls of enchant weapon
 k - 2 scrolls of blinking
 p - 3 scrolls of remove curse
 q - 5 scrolls of amnesia
 r - a scroll of summoning
 D - a scroll of identify
 F - 2 scrolls of enchant armour
 G - 2 scrolls of recharging
Potions
 f - 4 potions of curing
 h - 2 potions of haste
 i - 4 potions of magic
 j - 5 potions of berserk rage
 o - 2 potions of invisibility
 v - 2 potions of resistance
 w - 2 potions of might
 x - 3 potions of brilliance
 E - a potion of heal wounds
Comestibles
 e - 6 bread rations
 m - 40 fruits
 n - 7 meat rations


   Skills:
 + Level 13.0(18.0) Fighting
 * Level 17.7(22.7) Axes
 + Level 11.3(16.3) Throwing
 * Level 17.4(22.4) Armour
 * Level 16.4(21.4) Dodging
   Level 0.0(5.0) Shields
 + Level 11.0 Invocations


You had 11 spell levels left.
You didn't know any spells.

Dungeon Overview and Level Annotations

Branches:
Dungeon (1/1)

Altars:
Ashenzari
Cheibriados
Dithmenos
Elyvilon
Fedhas
Gozag
Kikubaaqudgha
Makhleb
Nemelex Xobeh
Okawaru
Qazlal
Ru
Sif Muna
Trog
Vehumet
Xom
Yredelemnul
Zin
The Shining One
Beogh
Jiyva
Lugonu


Innate Abilities, Weirdness & Mutations

You reflexively headbutt those who attack you in melee.
You have a pair of horns on your head.


Message History

The rakshasa gestures.
The rakshasa blinks!
Unknown command.
You hit the rakshasa but do no damage.
The rakshasa is severely wounded.
The purple draconian hits you but does no damage.
Unknown command.
You barely miss the rakshasa.
The rakshasa is severely wounded.
Unknown command.
You slice the rakshasa!! You freeze the rakshasa!
You kill the rakshasa!
Okawaru is honoured by your kill.
Your base Fighting skill increases to level 13!
Your Invocations skill increases to level 11!
The rakshasa shimmers and vanishes!
Unknown command.
The purple draconian breathes dispelling energy at you.
The bolt of dispelling energy hits you!
You die...

#.......... #..........
+..#....#.. +..........
#..........
#######################..#....#..
#.............(..(...++..........
#....................++..........
#..#############@##..##..#....#..
#..# #d#)#..##.......... #..# #c#
##..##.......... #..# #K#
#..####++####++ #..# #K# #..# #++
#..# #(# #..# #..
#..################..# #..
#....................# #..
#....................# #..


You could see a purple draconian, a centaur warrior, a kobold demonologist and a
kobold.

Vanquished Creatures
  A death cob (D)
  A draconian monk (D)
  A minotaur (D)
  A rakshasa (D)
  An alligator snapping turtle (D)
  2 sun demons (D)
  Nergalle (D)
  2 unseen horrors (D)
  A spriggan druid (D)
  A sea snake (D)
  A phantasmal warrior (D)
  A sixfirhy (D)
  A deep elf conjurer (D)
  An orc knight (D)
  A griffon (D)
  A cyclops (D)
  A molten gargoyle (D)
  A spiny frog (D)
  A guardian serpent (D)
  A gargoyle (D)
  A fire drake (D)
  A deep elf priest (D)
  A jumping spider (D)
  A red devil (D)
  A guardian mummy (D)
  A komodo dragon (D)
  A blue devil (D)
  3 slime creatures (D)
  A bog body (D)
  A trapdoor spider (D)
  A flying skull (D)
  2 spriggans (D)
  A deep elf mage (D)
  10 deep elf fighters (D)
  Eustachio (D)
  A wyvern (D)
  2 steam dragons (D)
  2 soldier ants (D)
  A warg (D)
  5 wolves (D)
  3 insubstantial wisps (D)
  A sky beast (D)
  A black bear (D)
  An ogre (D)
  2 necrophages (D)
  2 orc warriors (D)
  2 wasps (D)
  A crocodile (D)
  A giant frog (D)
  A gnoll sergeant (D)
  2 scorpions (D)
  2 crimson imps (D)
  2 iron imps (D)
  A worker ant (D)
  A sheep (D)
  A mummy (D)
  3 adders (D)
  6 gnolls (D)
  A giant eyeball (D)
  An ufetubus (D)
  3 oozes (D)
  3 adder zombies (D)
  An orc (D)
  A goblin (D)
  A hobgoblin (D)
  A quokka (D)
  A bat (D)
  2 kobolds (D)
  A rat (D)
109 creatures vanquished.

Notes
Turn   | Place    | Note
--------------------------------------------------------------
     0 | D        | Kidiri the Minotaur Gladiator began the quest for the Orb.
     0 | D        | Reached XP level 1. HP: 18/18 MP: 0/0
    63 | D        | Found a sacrificial altar of Ru.
    63 | D        | Found a basalt altar of Yredelemnul.
    63 | D        | Found a shadowy altar of Dithmenos.
    63 | D        | Found a deep blue altar of Sif Muna.
    63 | D        | Found a burning altar of Makhleb.
    63 | D        | Found a shimmering altar of Xom.
    63 | D        | Found an ancient bone altar of Kikubaaqudgha.
    63 | D        | Found a sparkling altar of Nemelex Xobeh.
    64 | D        | Found a glowing golden altar of the Shining One.
    64 | D        | Found a bloodstained altar of Trog.
    64 | D        | Found a shattered altar of Ashenzari.
    64 | D        | Found a white marble altar of Elyvilon.
    64 | D        | Found a snail-covered altar of Cheibriados.
    64 | D        | Found a blossoming altar of Fedhas.
    64 | D        | Found a radiant altar of Vehumet.
    64 | D        | Found a glowing silver altar of Zin.
    64 | D        | Found a corrupted altar of Lugonu.
    64 | D        | Found a viscous altar of Jiyva.
    64 | D        | Found a roughly hewn altar of Beogh.
    64 | D        | Found an iron altar of Okawaru.
    70 | D        | Found a stormy altar of Qazlal.
    71 | D        | Found an opulent altar of Gozag.
    73 | D        | Became a worshipper of Warmaster Okawaru
    93 | D        | Reached skill level 4 in Axes
    93 | D        | Reached skill level 1 in Armour
   183 | D        | Reached skill level 1 in Invocations
   183 | D        | Reached XP level 2. HP: 25/25 MP: 1/1
   269 | D        | Noticed a worker ant
   270 | D        | Noticed a black bear
   277 | D        | HP: 1/25 [worker ant (4)]
   283 | D        | Killed a worker ant
   283 | D        | Reached skill level 5 in Axes
   283 | D        | Reached XP level 3. HP: 13/31 MP: 1/3
   287 | D        | HP: 1/46 [black bear (3)]
   288 | D        | Killed a black bear
   288 | D        | Acquired Okawaru's first power
   288 | D        | Reached skill level 6 in Axes
   288 | D        | Reached skill level 5 in Armour
   288 | D        | Reached skill level 5 in Dodging
   288 | D        | Reached XP level 4. HP: 1/41 MP: 1/5
   711 | D        | Noticed a gnoll sergeant
   711 | D        | Noticed a crimson imp
   713 | D        | Noticed a warg
   713 | D        | Killed a crimson imp
   713 | D        | Reached skill level 7 in Axes
   713 | D        | Reached XP level 5. HP: 47/47 MP: 3/6
   724 | D        | Reached skill level 5 in Fighting
   732 | D        | Killed a warg
   732 | D        | Reached skill level 8 in Axes
   732 | D        | Reached XP level 6. HP: 35/56 MP: 4/8
   736 | D        | Killed a gnoll sergeant
   736 | D        | Reached skill level 5 in Throwing
   857 | D        | Noticed a necrophage
   862 | D        | Killed a necrophage
   862 | D        | Reached skill level 9 in Axes
   864 | D        | Noticed a sea snake
   876 | D        | Killed a sea snake
   876 | D        | Reached skill level 10 in Axes
   876 | D        | Reached skill level 5 in Invocations
   876 | D        | Reached XP level 7. HP: 25/66 MP: 7/10
  1071 | D        | Noticed a wolf
  1071 | D        | Noticed a scorpion
  1071 | D        | Noticed a necrophage
  1071 | D        | Noticed a giant frog
  1076 | D        | Killed a giant frog
  1076 | D        | Reached skill level 10 in Armour
  1076 | D        | Reached XP level 8. HP: 71/73 MP: 8/11
  1082 | D        | Killed a necrophage
  1086 | D        | Killed a wolf
  1086 | D        | Reached skill level 10 in Dodging
  1089 | D        | Killed a scorpion
  1089 | D        | Reached skill level 11 in Axes
  1104 | D        | Noticed an iron imp
  1104 | D        | Noticed a phantasmal warrior
  1104 | D        | Noticed a spiny frog
  1119 | D        | Killed an iron imp
  1122 | D        | Killed a phantasmal warrior
  1124 | D        | Killed a spiny frog
  1124 | D        | Reached XP level 9. HP: 21/82 MP: 12/12
  1450 | D        | Noticed a deep elf fighter
  1450 | D        | Noticed a steam dragon
  1457 | D        | Killed a steam dragon
  1457 | D        | Reached skill level 12 in Axes
  1463 | D        | Killed a deep elf fighter
  1463 | D        | Received a gift from Okawaru
  1506 | D        | Noticed a cyclops
  1509 | D        | Noticed an orc knight
  1515 | D        | Noticed an orc warrior
  1518 | D        | Noticed an orc warrior
  1518 | D        | Killed an orc warrior
  1520 | D        | Killed a cyclops
  1523 | D        | Killed an orc warrior
  1533 | D        | Killed an orc knight
  1533 | D        | Received a gift from Okawaru
  1538 | D        | Noticed a guardian mummy
  1546 | D        | Killed a guardian mummy
  1546 | D        | Reached skill level 13 in Axes
  1564 | D        | Noticed a deep elf fighter
  1568 | D        | Noticed a deep elf fighter
  1578 | D        | Killed a deep elf fighter
  1583 | D        | Killed a deep elf fighter
  1583 | D        | Acquired Okawaru's second power
  1747 | D        | Noticed a komodo dragon
  1749 | D        | Killed a komodo dragon
  1749 | D        | Reached XP level 10. HP: 92/92 MP: 6/14
  1772 | D        | Noticed a deep elf fighter
  1772 | D        | Noticed a deep elf mage
  1772 | D        | Noticed a deep elf priest
  1772 | D        | Noticed a deep elf fighter
  1772 | D        | Noticed a soldier ant
  1772 | D        | Noticed a crimson imp
  1773 | D        | Noticed a deep elf fighter
  1773 | D        | Killed a crimson imp
  1774 | D        | Noticed a blue devil
  1774 | D        | Killed a deep elf mage
  1775 | D        | Killed a deep elf priest
  1776 | D        | Killed a soldier ant
  1776 | D        | Reached skill level 10 in Fighting
  1777 | D        | Noticed an iron imp
  1778 | D        | Killed a deep elf fighter
  1780 | D        | Killed a deep elf fighter
  1787 | D        | Killed a deep elf fighter
  1788 | D        | Killed an iron imp
  1789 | D        | Killed a blue devil
  1789 | D        | Reached skill level 14 in Axes
  1795 | D        | Noticed a scorpion
  1796 | D        | Noticed a bog body
  1797 | D        | Killed a scorpion
  1804 | D        | Killed a bog body
  1890 | D        | Noticed a wasp
  1890 | D        | Noticed a spriggan rider
  1890 | D        | Noticed a mottled draconian monk
  1890 | D        | Noticed a molten gargoyle
  1891 | D        | Noticed a griffon
  1891 | D        | Noticed a sun demon
  1895 | D        | Killed a wasp
  1896 | D        | Killed a wasp
  1896 | D        | Killed a spriggan
  1896 | D        | Received a gift from Okawaru
  1902 | D        | Killed a molten gargoyle
  1933 | D        | Killed a sun demon
  1941 | D        | Killed a griffon
  1942 | D        | Killed a mottled draconian monk
  1942 | D        | Reached skill level 15 in Axes
  1942 | D        | Reached XP level 11. HP: 31/102 MP: 13/16
  2207 | D        | Noticed a steam dragon
  2207 | D        | Noticed a minotaur
  2207 | D        | Noticed a fire drake
  2207 | D        | Noticed a sky beast
  2207 | D        | Noticed Eustachio
  2208 | D        | Noticed an ogre
  2210 | D        | Noticed a flying skull
  2210 | D        | Noticed a gargoyle
  2213 | D        | Killed a fire drake
  2215 | D        | Killed a steam dragon
  2221 | D        | Killed a flying skull
  2221 | D        | Killed a minotaur
  2221 | D        | Reached skill level 15 in Armour
  2225 | D        | Killed an ogre
  2229 | D        | Killed a sky beast
  2231 | D        | Killed a gargoyle
  2242 | D        | Killed Eustachio
  2279 | D        | Noticed a trapdoor spider
  2287 | D        | Killed a trapdoor spider
  2532 | D        | Noticed a wolf
  2532 | D        | Noticed a wolf
  2532 | D        | Noticed a wolf
  2533 | D        | Noticed a wolf
  2538 | D        | Killed a wolf
  2541 | D        | Killed a wolf
  2543 | D        | Noticed a spriggan
  2543 | D        | Killed a wolf
  2543 | D        | Reached skill level 10 in Throwing
  2545 | D        | Killed a wolf
  2554 | D        | Killed a spriggan
  2554 | D        | Reached skill level 16 in Axes
  2575 | D        | Noticed a red devil
  2575 | D        | Noticed a slime creature
  2575 | D        | Noticed a slime creature
  2575 | D        | Noticed a soldier ant
  2576 | D        | Noticed a slime creature
  2586 | D        | Killed a soldier ant
  2586 | D        | Received a gift from Okawaru
  2588 | D        | Killed a slime creature
  2590 | D        | Killed a slime creature
  2592 | D        | Killed a red devil
  2594 | D        | Killed a slime creature
  2594 | D        | Reached skill level 15 in Dodging
  2776 | D        | Noticed a death cob
  2795 | D        | Killed a death cob
  2795 | D        | Received a gift from Okawaru
  2795 | D        | Reached skill level 10 in Invocations
  2807 | D        | Noticed Nergalle
  2827 | D        | Killed Nergalle
  2848 | D        | Noticed an alligator snapping turtle
  2851 | D        | Noticed a crocodile
  2855 | D        | Killed a crocodile
  2869 | D        | Killed an alligator snapping turtle
  2869 | D        | Received a gift from Okawaru
  2870 | D        | Got a pair of encrusted boots {god gift}
  2876 | D        | Identified the +1 pair of boots of Koanodulav {*Corrode rF++ Int+6} (Okawaru gifted it to you in the Dungeon)
  3039 | D        | Noticed a wyvern
  3039 | D        | Noticed an insubstantial wisp
  3039 | D        | Noticed an insubstantial wisp
  3039 | D        | Noticed an insubstantial wisp
  3041 | D        | Killed an insubstantial wisp
  3042 | D        | Killed a wyvern
  3042 | D        | Killed an insubstantial wisp
  3042 | D        | Reached XP level 12. HP: 113/113 MP: 11/18
  3045 | D        | Killed an insubstantial wisp
  3050 | D        | Killed an unseen horror
  3050 | D        | Reached skill level 17 in Axes
  3205 | D        | Noticed a deep elf fighter
  3205 | D        | Noticed a deep elf fighter
  3205 | D        | Noticed a deep elf fighter
  3205 | D        | Noticed a sun demon
  3211 | D        | Noticed a rakshasa
  3212 | D        | Killed a deep elf fighter
  3215 | D        | Noticed a deep elf fighter
  3216 | D        | Noticed a spriggan druid
  3218 | D        | Killed an unseen horror
  3218 | D        | Killed a deep elf fighter
  3218 | D        | Killed a deep elf fighter
  3220 | D        | Noticed a deep elf conjurer
  3220 | D        | Killed a deep elf conjurer
  3220 | D        | Killed a deep elf fighter
  3221 | D        | Noticed a jumping spider
  3221 | D        | Noticed a guardian serpent
  3223 | D        | Killed a spriggan druid
  3225 | D        | Noticed a sixfirhy
  3226 | D        | Noticed a purple draconian
  3227 | D        | Killed a sixfirhy
  3228 | D        | Killed a guardian serpent
  3230 | D        | Killed a jumping spider
  3231 | D        | Killed a sun demon
  3234 | D        | Noticed a centaur warrior
  3234 | D        | Noticed a vampire mage
  3238 | D        | Noticed a kobold demonologist
  3245 | D        | Killed a rakshasa
  3248 | D        | Killed a rakshasa
  3249 | D        | Killed from afar by a purple draconian

Vault maps used:
D:        pitsprint

Action                   |  1- 3 |  4- 6 |  7- 9 | 10-12 || total
-------------------------+-------+-------+-------+-------++-------
Melee: Hand axe          |    14 |    39 |    32 |       ||    85
       War axe           |     4 |     2 |    55 |   178 ||   239
Throw: Javelin           |       |       |     2 |    40 ||    42
       Throwing net      |       |       |       |     3 ||     3
Invok: Heroism           |       |     2 |     4 |     6 ||    12
       Finesse           |       |       |     1 |     6 ||     7
  Use: Potion            |     3 |     3 |     4 |     8 ||    18
       Scroll            |       |       |     1 |       ||     1
 Stab: Held in net/web   |       |       |       |     1 ||     1
  Eat: Chunk             |       |     1 |     1 |     1 ||     3
       Bread ration      |       |       |     1 |     1 ||     2
       Pizza             |       |       |       |     1 ||     1
